 Dungeon Crawl Stone Soup version 0.22-a0-567-gff9aefc (webtiles) character file.

25244 Ijustatesigmund the Unflinching (level 13, -3/119 HPs)
             Began as a Hill Orc Fighter on June 28, 2018.
             Was a Believer of the Shining One.
             Slain by a troll (4 damage)
             ... while paralysed by an orc sorcerer
             ... on level 1 of the Orcish Mines on June 29, 2018.
             The game lasted 00:41:18 (12467 turns).

Ijustatesigmund the Unflinching (Hill Orc Fighter) Turns: 12467, Time: 00:41:19

Health: -3/119     AC: 14    Str: 20    XL:     13   Next: 18%
Magic:  21/24      EV:  2    Int:  8    God:    the Shining One [**....]
Gold:   981        SH:  0    Dex: 14    Spells: 10/12 levels left

rFire    + + .     SeeInvis .   a - +2 war axe
rCold    + . .     Gourm    .   c - +1 shield
rNeg     + . .     Faith    .   I - +2 troll leather armour {Snorg}
rPois    .         Spirit   .   C - +2 helmet
rElec    .         Reflect  .   v - scarf {rC+ rF+}
rCorr    +         Harm     .   p - +0 pair of gloves
MR       .....                  M - +1 pair of boots
Stlth    +.........             G - amulet of the acrobat
HPRegen  0.69/turn              l - ring of resist corrosion
MPRegen  0.19/turn              F - ring of protection from fire

@: paralysed, divine shield, glowing, drained
A: hooves 1
a: Divine Shield, Renounce Religion


You were on level 1 of the Orcish Mines.
You worshipped the Shining One.
The Shining One was pleased with you.
You were hungry.

You visited 3 branches of the dungeon, and saw 16 of its levels.

You collected 981 gold pieces.

Inventory:

Hand Weapons
 a - a +2 war axe (weapon)
 x - a +1 morningstar of crushing
 N - a +4 hand axe
Armour
 b - a +0 ring mail of cold resistance
 c - a +1 shield (worn)
 p - a +0 pair of gloves (worn)
 r - a +2 chain mail of fire resistance
 v - a scarf of resistance (worn)
 C - a +2 helmet (worn)
 I - a +2 troll leather armour (worn) {Snorg}
 M - a +1 pair of boots (worn)
Jewellery
 l - a ring of resist corrosion (left hand)
 q - an uncursed ring of flight
 t - an uncursed ring of magical power
 y - an uncursed ring of fire
 E - an uncursed ring of wizardry
 F - a ring of protection from fire (right hand)
 G - an amulet of the acrobat (around neck)
 J - an uncursed amulet of guardian spirit
Wands
 d - a wand of digging (50)
 u - a wand of paralysis (12)
 D - a wand of iceblast (8)
 L - a wand of flame (32)
Scrolls
 i - a scroll of magic mapping
 k - 6 scrolls of remove curse
 n - 2 scrolls of enchant weapon
 z - a scroll of amnesia
 H - 2 scrolls of immolation
Potions
 e - 3 potions of haste
 g - a potion of ambrosia
 h - 3 potions of brilliance
 j - 2 potions of flight
 m - a potion of magic
 o - 6 potions of heal wounds
 s - 2 potions of cancellation
 w - a potion of might
 A - a potion of invisibility
 B - 2 potions of curing
Comestibles
 f - 23 rations


   Skills:
 + Level 12.3(12.0) Fighting
 + Level 14.2(13.9) Axes
 - Level 9.0(8.7) Armour
 + Level 4.4(4.2) Dodging
 - Level 6.7(6.3) Shields
 + Level 14.7(14.3) Invocations


You had 10 spell levels left.
You knew the following spells:

 Your Spells              Type           Power        Failure   Level  Hunger
a - Blink                 Tloc           N/A          93%         2    ###....

Your spell library contained the following spells:

 Spells                   Type           Power        Failure   Level  Hunger
 Magic Dart               Conj           #...         83%         1    ##.....
 Conjure Flame            Conj/Fire      #.......     99%         3    ####...
 Slow                     Hex            #.......     93%         2    ###....
 Throw Frost              Conj/Ice       #.....       93%         2    ###....
 Mephitic Cloud           Conj/Pois/Air  #.......     99%         3    ####...
 Animate Dead             Necr           N/A          100%        4    #####..
 Pain                     Necr           #...         83%         1    ##.....
 Animate Skeleton         Necr           N/A          83%         1    ##.....
 Vampiric Draining        Necr           #.........   99%         3    ####...
 Freeze                   Ice            #...         83%         1    ##.....
 Summon Ice Beast         Ice/Summ       #.......     100%        4    #####..
 Ozocubu's Armour         Chrm/Ice       #.......     99%         3    ####...
 Call Imp                 Summ           #.......     93%         2    ###....
 Regeneration             Chrm/Necr      #.........   99%         3    ####...
 Stone Arrow              Conj/Erth      #.....       99%         3    ####...
 Throw Icicle             Conj/Ice       #.......     100%        4    #####..
 Passwall                 Tmut/Erth      #.......     93%         2    ###....
 Lee's Rapid Deconstruct  Erth           #.........   100%        5    ######.
 Sandblast                Erth           #.....       83%         1    ##.....
 Petrify                  Tmut/Erth      #.......     100%        4    #####..


Dungeon Overview and Level Annotations

Branches:
Dungeon (13/15)            Temple (1/1) D:6             Orc (2/2) D:11
    Elf (0/3) Orc:2
   Lair: D:8-11      Vaults: D:13-14

Altars:
Ashenzari
Cheibriados
Dithmenos
Elyvilon
Gozag
Hepliaklqana
Kikubaaqudgha
Makhleb
Nemelex Xobeh
Okawaru
Qazlal
Ru
Sif Muna
Trog
Uskayaw
Vehumet
Wu Jian
Xom
Yredelemnul
Zin
The Shining One
Beogh


Innate Abilities, Weirdness & Mutations

You have large cloven feet.


Message History

You suddenly lose the ability to move!
The troll bites you but does no damage. The troll claws you!
The troll claws you.
You hear a shout!
The ice devil hits you but does no damage.
The orc sorcerer hits you but does no damage.
The troll bites you!
* * * LOW HITPOINT WARNING * * *
The troll claws you but does no damage. The troll claws you.
* * * LOW HITPOINT WARNING * * *
The orc warrior hits you with a morningstar.
* * * LOW HITPOINT WARNING * * *
The orc sorcerer hits you but does no damage.
The ice devil hits you!
* * * LOW HITPOINT WARNING * * *
The ice devil freezes you. You resist.
* * * LOW HITPOINT WARNING * * *
The troll bites you!
* * * LOW HITPOINT WARNING * * *
The troll claws you.
You die...

..###.#
##.###.#...#...
..#####
##............
....#
#.....$......#
..###
##............
..#
#.....#.......
.##
##............
..#
##.).........
.## ##..o#.....
## #..@#.....
#..4oTo..##
#........##
##.......#
##.#....#
###.....
##..... ......


You could see an ice devil, a troll, an orc sorcerer, an orc warrior and an orc.

Vanquished Creatures
  Nessos (D:12)
  Snorg (D:11)
  The ghost of vierth the Cleaver, a journeyman MiFi of Trog (D:11)
  Erolcha (D:10)
  A hydra (D:11)
  2 dancing weapons (D:8)
  5 two-headed ogres
  3 death yaks (D:10)
  A skeletal warrior (D:11)
  2 unseen horrors (D:12)
  A deep elf mage (D:12)
  An ugly thing (D:11)
  A cyclops (D:11)
  2 manticores (D:11)
  Joseph (D:8)
  2 centaur skeletons
  A gargoyle (D:13)
  A slime creature (D:12)
  3 hippogriffs
  A wyvern (D:8)
  2 wraiths
  15 yaks
  A human (D:11)
  A hungry ghost (D:13)
  7 vampire mosquitoes
  Menkaure (D:7)
  A steam dragon (D:12)
  A warg (Orc:2)
  Duvessa (D:7)
  A porcupine (D:10)
  2 ice beasts
  8 orc warriors
  3 sky beasts
  3 black bears
  3 phantoms
  7 ogres
  A necrophage (D:8)
  4 centaurs
  A big kobold (D:8)
  5 bullfrogs
  4 scorpions
  Dowan (D:7)
  3 killer bees
  7 howler monkeys
  3 crimson imps
  8 hounds
  A gnoll shaman (D:4)
  6 jellies
  4 orc priests
  3 bullfrog skeletons
  3 iguanas
  Ijyb (D:4)
  Natasha (thrice) (D:4)
  13 orc wizards
  6 worker ants
  A hell rat (D:9)
  3 hound zombies
  5 gnolls
  5 adders
  2 river rats
  A shadow imp (D:12)
  3 worms
  2 dart slugs (D:1)
  5 leopard geckos
  36 orcs
  3 ball pythons
  3 giant cockroaches
  6 goblins
  11 hobgoblins
  2 jackals (D:4)
  9 quokkas
  5 bats
  12 frilled lizards
  A giant cockroach zombie (D:5)
  14 kobolds
  2 quokka skeletons
  10 rats
307 creatures vanquished.

Vanquished Creatures (others)
  A shadow imp (D:12)
  An orc (D:11)
2 creatures vanquished.

Grand Total: 309 creatures vanquished

Notes
Turn   | Place    | Note
-------+----------+-------------------------------------------
     0 | D:1      | Ijustatesigmund the Hill Orc Fighter began the quest for the Orb.
     0 | D:1      | Reached XP level 1. HP: 19/19 MP: 1/1
    98 | D:1      | Reached XP level 2. HP: 22/27 MP: 2/2
   403 | D:1      | Reached XP level 3. HP: 32/33 MP: 3/3
   892 | D:2      | Found a glowing silver altar of Zin.
   892 | D:2      | Noticed an angel
  1061 | D:2      | Found an opulent altar of Gozag.
  1062 | D:2      | Found a sparkling altar of Nemelex Xobeh.
  1099 | D:2      | Reached XP level 4. HP: 38/41 MP: 4/4
  1363 | D:3      | Reached skill level 5 in Axes
  1500 | D:3      | Reached XP level 5. HP: 34/47 MP: 5/5
  2183 | D:4      | Reached skill level 5 in Fighting
  2244 | D:4      | Noticed Ijyb
  2281 | D:4      | Killed Ijyb
  2384 | D:4      | Noticed an ogre
  2394 | D:4      | Killed an ogre
  2394 | D:4      | Reached XP level 6. HP: 10/56 MP: 6/6
  2397 | D:4      | HP: 2/57 [poisoned by a scorpion]
  2645 | D:4      | Found a shimmering altar of Xom.
  2718 | D:4      | Noticed Natasha
  2721 | D:4      | Killed Natasha
  2735 | D:4      | Noticed Natasha
  2742 | D:4      | Killed Natasha
  2742 | D:4      | Reached XP level 7. HP: 62/63 MP: 7/7
  2912 | D:4      | Noticed Natasha
  2926 | D:4      | Killed Natasha
  2944 | D:5      | Entered Level 5 of the Dungeon
  3167 | D:5      | Gained mutation: You do not regenerate when monsters are visible. [potion of mutation]
  3167 | D:5      | Gained mutation: You are dopey. (Int -2) [potion of mutation]
  3167 | D:5      | Gained mutation: You are robust. (+10% HP) [potion of mutation]
  3168 | D:5      | Lost mutation: You are robust. (+10% HP) [potion of mutation]
  3168 | D:5      | Lost mutation: You do not regenerate when monsters are visible. [potion of mutation]
  3168 | D:5      | Lost mutation: You are dopey. (Int -2) [potion of mutation]
  3168 | D:5      | Gained mutation: You have large cloven feet. [potion of mutation]
  3168 | D:5      | Gained mutation: You evolve. [potion of mutation]
  4224 | D:5      | Lost mutation: You evolve. [evolution]
  4384 | D:6      | Reached XP level 8. HP: 73/73 MP: 8/8
  4385 | D:6      | Found a hazy altar of Hepliaklqana.
  4385 | D:6      | Found a basalt altar of Yredelemnul.
  4387 | D:6      | Found an iron altar of Okawaru.
  4388 | D:6      | Found a bloodstained altar of Trog.
  4389 | D:6      | Found a sacrificial altar of Ru.
  4389 | D:6      | Found a shadowy altar of Dithmenos.
  4424 | D:6      | Found a staircase to the Ecumenical Temple.
  4446 | Temple   | Entered the Ecumenical Temple
  4482 | Temple   | Became a worshipper of the Shining One
  4708 | D:6      | Found a sacrificial altar of Ru.
  4714 | D:6      | Reached skill level 1 in Dodging
  4918 | D:6      | Reached skill level 10 in Axes
  5110 | D:6      | Learned a level 2 spell: Blink
  5372 | D:7      | Noticed Menkaure
  5378 | D:7      | Killed Menkaure
  5589 | D:7      | Reached XP level 9. HP: 81/81 MP: 9/9
  5785 | D:7      | Found a white marble altar of Elyvilon.
  5793 | D:7      | Noticed Dowan
  5793 | D:7      | Noticed Duvessa
  5803 | D:7      | Killed Dowan
  5810 | D:7      | Killed Duvessa
  5810 | D:7      | Reached skill level 5 in Armour
  5986 | D:7      | Reached skill level 5 in Shields
  6053 | D:8      | Noticed a hand axe
  6054 | D:8      | Found a hide-covered altar of Uskayaw.
  6054 | D:8      | Noticed a dagger
  6071 | D:8      | Killed a dagger
  6080 | D:8      | Killed a hand axe
  6128 | D:8      | Reached XP level 10. HP: 91/91 MP: 10/10
  6133 | D:8      | Reached * piety under the Shining One
  6187 | D:8      | Noticed Joseph
  6207 | D:8      | Killed Joseph
  6830 | D:9      | Reached skill level 5 in Invocations
  6882 | D:9      | Noticed a two-headed ogre
  6888 | D:9      | Killed a two-headed ogre
  6898 | D:9      | Noticed a death yak
  6899 | D:9      | Noticed a death yak
  6899 | D:9      | Noticed a death yak
  6922 | D:10     | Entered Level 10 of the Dungeon
  7155 | D:10     | Killed a death yak
  7155 | D:10     | Reached XP level 11. HP: 31/97 MP: 16/18
  7425 | D:10     | Killed a death yak
  7425 | D:10     | Reached skill level 10 in Invocations
  7632 | D:10     | Killed a death yak
  7838 | D:10     | Noticed Erolcha
  7848 | D:10     | Killed Erolcha
  8022 | D:10     | Reached skill level 10 in Fighting
  8386 | D:11     | Noticed a two-headed ogre
  8393 | D:11     | Killed a two-headed ogre
  8446 | D:11     | Noticed a manticore
  8459 | D:11     | Killed a manticore
  8473 | D:11     | Reached ** piety under the Shining One
  8514 | D:11     | Noticed a four-headed hydra
  8580 | D:11     | Noticed a cyclops
  8582 | D:11     | Killed a four-headed hydra
  8582 | D:11     | Reached XP level 12. HP: 62/108 MP: 21/21
  8873 | D:11     | Found a staircase to the Orcish Mines.
  8940 | D:11     | Noticed Snorg
  8978 | D:11     | Killed Snorg
  9510 | D:11     | Found a runed gate.
  9510 | D:11     | Found a runed gate.
  9511 | D:11     | Found a runed gate.
  9511 | D:11     | Noticed vierth's ghost (journeyman MiFi)
  9551 | D:11     | Killed vierth's ghost
  9785 | D:11     | Noticed a two-headed ogre
  9794 | D:11     | Killed a two-headed ogre
 10470 | D:12     | Found a radiant altar of Vehumet.
 10479 | D:12     | Noticed a two-headed ogre
 10488 | D:12     | Killed a two-headed ogre
 10635 | D:12     | Noticed a two-headed ogre
 10653 | D:12     | Killed a two-headed ogre
 10812 | D:12     | Noticed a death knight
 11020 | D:12     | Noticed Nessos
 11235 | D:12     | Reached XP level 13. HP: 118/118 MP: 23/23
 11324 | D:12     | Killed Nessos
 11759 | D:13     | Noticed an ettin
 12012 | Orc:1    | Entered Level 1 of the Orcish Mines
 12055 | Orc:1    | Upgraded the game from 0.22-a0-565-gfc6459a to 0.22-a0-567-gff9aefc
 12077 | Orc:1    | Found a roughly hewn altar of Beogh.
 12083 | Orc:1    | You fall through a shaft!
 12083 | Orc:2    | Entered Level 2 of the Orcish Mines
 12295 | Orc:2    | Found a staircase to the Elven Halls.
 12453 | Orc:1    | Paralysed by an orc sorcerer for 7 turns
 12465 | Orc:1    | Paralysed by an orc sorcerer for 4 turns
 12467 | Orc:1    | HP: 1/119 [troll (12)]
 12467 | Orc:1    | Slain by a troll

Vault maps used:
D:1:      evilmike_arrival_run_for_it, serial_aquarium,
          aquarium_bridge_straight, aquarium_bridge_square, aquarium_window_2,
          aquarium_window_corridor_1, aquarium_window_fake, aquarium_window_1,
          aquarium_view_2c, aquarium_pool_double, minmay_misc_feat_plants
D:2:      grunt_temple_overflow_opulence, zin_angel, first_ration
D:4:      xom_butterflies, portal_sewer_entry_b, uniq_natasha, uniq_ijyb
D:6:      grunt_temple_overflow_open, minmay_temple_entry_crystal_x,
          nicolae_ru_great_annihilating_truth
D:7:      wad_crossroads, lemuel_doored_altar, uniq_duvessa, uniq_menkaure
D:8:      dancing_weapons_uskayaw, uniq_joseph
D:9:      minmay_the_grid_octo_tiled_squarecenter, fedhas_altar_1,
          dpeg_lair_monsters
D:10:     serial_glass, glass_columns_b, glass_columns_b, glass_columns_a,
          glass_columns_a, glass_columns_a, glass_columns_c, uniq_erolcha
D:11:     orc_0_dummy, ebering_ghost_rock_garden, hangedman_stone_soup,
          uniq_snorg
D:12:     cheibrodos_fzero, special_room, basic_altar,
          hangedman_abyss_or_decor_passed, uniq_nessos
D:13:     david_vaults_4
Temple:   jpeg_temple_island
Orc:1:    nicolae_orc_accident_2, basic_altar
Orc:2:    kennysheep_orc_mage_school

Skill      XL: |  1  2  3  4  5  6  7  8  9 10 11 12 13 |
---------------+----------------------------------------+-----
Axes           | 3 4 5 7 8 9 10 11 12 13 14 | 14.2
Fighting       | 4 5 6 7 9 10 12 | 12.3
Dodging        | 2 3 4 |  4.4
Armour         | 4 6 8 9 |  9.0
Shields        | 4 6 |  6.7
Invocations    | 9 13 14 | 14.7

Action                   |  1- 3 |  4- 6 |  7- 9 | 10-12 | 13-15 || total
-------------------------+-------+-------+-------+-------+-------++-------
Melee: War axe           |    87 |   152 |   210 |   517 |   123 ||  1089
       Kick              |       |       |    40 |   189 |    10 ||   239
       Morningstar       |       |       |       |    14 |       ||    14
Invok: Divine Shield     |       |       |       |     9 |     5 ||    14
Evoke: Wand              |       |       |     2 |       |       ||     2
  Use: Scroll            |     6 |     2 |     7 |    15 |     3 ||    33
       Potion            |       |     4 |     3 |     2 |     1 ||    10
  Eat: Chunk             |       |     2 |     6 |     5 |     3 ||    16
       Ration            |       |     1 |     2 |     4 |       ||     7
Armor: Scale mail        |    24 |     2 |    73 |    88 |       ||   187
       Ring mail         |       |    51 |    10 |       |       ||    61
       Chain mail        |       |       |       |    24 |       ||    24
       Troll leather arm |       |       |       |    41 |    38 ||    79
Dodge: Dodged            |    31 |    42 |    57 |   211 |    27 ||   368
Block: Shield            |    59 |    82 |    94 |   458 |    77 ||   770

Table legend:
 A = Spawn XP
 B = Non-spawn XP
 C = Spawn XP percentage of total XP
 D = Spawn monster count
 E = Non-spawn monster count
 F = Spawn count percentage of total count
 G = Total turns spent on level
                    A         B        C        D         E        F      G
               +---------+---------+-------+---------+---------+-------+---------
         Total |       0 |   36064 |   0.0 |       0 |     307 |   0.0 | 12467
               +---------+---------+-------+---------+---------+-------+---------
           D:1 |       0 |      41 |   0.0 |       0 |      21 |   0.0 |   822
           D:2 |       0 |      46 |   0.0 |       0 |      20 |   0.0 |   529
           D:3 |       0 |     116 |   0.0 |       0 |      25 |   0.0 |   813
           D:4 |       0 |     540 |   0.0 |       0 |      25 |   0.0 |   916
           D:5 |       0 |     439 |   0.0 |       0 |      16 |   0.0 |  1299
           D:6 |       0 |     540 |   0.0 |       0 |      12 |   0.0 |   670
           D:7 |       0 |    1071 |   0.0 |       0 |      16 |   0.0 |   912
           D:8 |       0 |    3107 |   0.0 |       0 |      23 |   0.0 |   654
           D:9 |       0 |    2623 |   0.0 |       0 |      16 |   0.0 |   235
          D:10 |       0 |    6771 |   0.0 |       0 |      35 |   0.0 |  1456
          D:11 |       0 |   10656 |   0.0 |       0 |      33 |   0.0 |  2427
          D:12 |       0 |    7404 |   0.0 |       0 |      25 |   0.0 |   870
          D:13 |       0 |    1243 |   0.0 |       0 |       5 |   0.0 |   329
         Orc:1 |       0 |     384 |   0.0 |       0 |       9 |   0.0 |   228
         Orc:2 |       0 |    1083 |   0.0 |       0 |      26 |   0.0 |   227
               +---------+---------+-------+---------+---------+-------+---------
